 Dungeon Crawl Stone Soup version 0.29.1-15-g9cfb28693d (webtiles) character file.

Game seed: 603596596452038081

179 Descartes the Ducker (level 5, -1/25 HPs)
             Began as a Felid Monk on Mar 24, 2023.
             Splashed by a jelly's acid (3 damage)
             ... on level 4 of the Dungeon.
             The game lasted 00:05:05 (4156 turns).

Descartes the Ducker (Felid Monk)                   Turns: 4156, Time: 00:05:06

Health: -1/25      AC: -7    Str: 15    XL:     5   Next: 32%
Magic:  8/8        EV: 20    Int: 12    God:
Gold:   215        SH:  0    Dex: 18    Spells: 6/6 levels left
                                        Lives:  0   Deaths: 1

rFire   . . .      SeeInvis +     - Unarmed
rCold   . . .      Faith    .   (shield unavailable)
rNeg    . . .      Spirit   .   (body armour unavailable)
rPois   .          Reflect  .   (helmet unavailable)
rElec   .          Harm     .   (cloak unavailable)
rCorr   .          Rampage  .   (gloves unavailable)
Will    .....                   (boots unavailable)
Stlth   +++.......              v - amulet of the acrobat
HPRegen 0.08/turn               l - ring of wizardry
MPRegen 0.11/turn               m - +6 ring of strength

@: corroded, quick
A: very small, claws 1, fangs 3, see invisible, speed 1, shaggy fur 1, stealthy
paws, no weapons or thrown items, no armour, multi-lived
a: no special abilities


You were on level 4 of the Dungeon.
You visited 2 branches of the dungeon, and saw 5 of its levels.

You collected 215 gold pieces.

Inventory:

Jewellery
 l - a ring of wizardry (left paw)
 m - a +6 ring of strength (right paw)
 o - an amulet of magic regeneration
 v - an amulet of the acrobat (around neck)
Wands
 r - a wand of light (8)
Scrolls
 a - a scroll of teleportation {unknown}
 d - a scroll of enchant armour
 h - 2 scrolls of identify {unknown}
 j - 2 scrolls of vulnerability {unknown}
 p - a scroll of noise {unknown}
 q - 2 scrolls of brand weapon {unknown}
 s - a scroll of amnesia {unknown}
 t - a scroll of immolation {unknown}
Potions
 b - 2 potions of lignification {unknown}
 c - 2 potions of brilliance {unknown}
 e - a potion of invisibility {unknown}
 f - 2 potions of cancellation {unknown}
 g - a potion of haste {unknown}
 i - 2 potions of curing {unknown}
 k - a potion of heal wounds {unknown}
 n - 2 potions of degeneration {unknown}
 u - a potion of might {unknown}


   Skills:
 + Level 3.9 Fighting
 + Level 5.1 Dodging
 + Level 4.3 Stealth
 + Level 3.9 Unarmed Combat
 + Level 1.4 Spellcasting
 + Level 1.7 Transmutations


You had 6 spell levels left.
You didn't know any spells.
Your spell library contained the following spells:

 Spells                   Type           Power      Damage    Failure   Level
 Static Discharge         Conj/Air       0%         3-3/arc   17%         2
 Tukima's Dance           Hex            0%         N/A       32%         3
 Anguish                  Hex/Necr       0%         N/A       71%         4
 Dispel Undead            Necr           0%         3d6       71%         4
 Sticky Flame             Conj/Fire      0%         2d3       71%         4
 Blade Hands              Tmut           2%         N/A       82%         5
 Summon Mana Viper        Hex/Summ       0%         N/A       95%         5
 Haunt                    Necr/Summ      0%         N/A       100%        7
 Portal Projectile        Hex/Tloc       Unusable   N/A       N/A         3

Dungeon Overview and Level Annotations

Branches:
Dungeon (4/15)             Temple (1/1) D:4

Altars:
Ashenzari
Cheibriados
Dithmenos
Elyvilon
Fedhas
Gozag
Hepliaklqana
Kikubaaqudgha
Makhleb
Nemelex Xobeh
Okawaru
Qazlal
Ru
Sif Muna
Uskayaw
Vehumet
Wu Jian
Xom
Yredelemnul
Zin
The Shining One

Annotations:
D:4 Ijyb


Innate Abilities, Weirdness & Mutations

You have sharp claws.
You have razor-sharp teeth.
You have supernaturally acute eyesight. (SInv)
You cover ground quickly. (Speed+)
You are covered in fur. (AC +1)
Your paws help you pounce on unaware monsters.
You are incapable of wielding weapons or throwing items.
You cannot wear armour.
You gain extra lives every three experience levels.


Message History

You climb downwards.
Level annotation: Ijyb
Found 13 gold pieces.
There is a stone staircase leading up here.
You pounce on the unaware helpless kobold!
You mangle the kobold!!
You kill the kobold!
A jelly comes into view.
Found a scroll labelled VYILIM JOOGH.
The jelly quivers.
The jelly completely misses you.
You see here 13 gold pieces.
You scratch the jelly.
Your paws burn!
The jelly is moderately wounded.
The jelly barely misses you.
You scratch the jelly but do no damage.
Your paws burn!
Your bite misses the jelly.
The jelly is moderately wounded.
The jelly barely misses you.
You scratch the jelly. The acid corrodes you!
Your paws burn!
You bite the jelly, but do no damage.
The jelly is moderately wounded.
You scratch the jelly but do no damage.
Your paws burn!
You claw the jelly.
The jelly is heavily wounded.
The jelly misses you.
You scratch the jelly.
Your paws burn!
The jelly is severely wounded.
The jelly hits you. The acid corrodes you!
You are splashed with acid!
* * * LOW HITPOINT WARNING * * *
You are too injured to fight recklessly!
You are too injured to fight recklessly!
You are too injured to fight recklessly!
You are too injured to fight recklessly!
You are too injured to fight recklessly!
You are too injured to fight recklessly!
You are too injured to fight recklessly!
You are too injured to fight recklessly!
You are too injured to fight recklessly!
You scratch the jelly but do no damage.
Your paws burn!
You die...

..####...
#.##........
#.....
#..........
..>...#
#..........
####.##
#..?.......
... .
#........
###. #
#...... #
###.#J.# ..
#. .###
#....@.#
#.##.##...
#......#
#.....#.##
#......#
##g.......
#......#
#........#
#......#
#.........
#).<...#
#......).#
#####.##
##......##
#.#
..........
#.#
.!....).##


You could see a jelly.

Vanquished Creatures
  An ogre (D:4)
  3 gnolls (D:2)
  4 adders (D:2)
  A worm (D:2)
  2 dart slugs (D:2)
  3 orcs
  7 ball pythons
  3 bats
  An endoplasm (D:4)
  3 giant cockroaches
  5 goblins
  6 hobgoblins
  4 jackals (D:2)
  4 quokkas
  3 frilled lizards (D:2)
  9 kobolds
  7 rats
66 creatures vanquished.

Notes
Turn   | Place    | Note
-------+----------+-------------------------------------------
     0 | D:1      | Descartes the Felid Monk began the quest for the Orb.
     0 | D:1      | Reached XP level 1. HP: 10/10 MP: 2/2
   580 | D:1      | Got the Book of the Deathly Union
   637 | D:1      | Reached XP level 2. HP: 14/14 MP: 3/3
  1409 | D:2      | Reached XP level 3. HP: 15/17 MP: 4/4
  1690 | D:2      | Found a shimmering altar of Xom.
  2045 | D:2      | Reached XP level 4. HP: 11/21 MP: 5/5
  2318 | D:2      | Slain by a gnoll
  2319 | D:2      | Reached XP level 3. HP: 0/17 MP: 5/5
  2385 | D:2      | Reached skill level 1 in Spellcasting
  2385 | D:2      | Reached skill level 1 in Transmutations
  2533 | D:2      | Reached XP level 4. HP: 22/22 MP: 6/6
  2638 | D:3      | Found a faded altar of an unknown god.
  2646 | D:3      | Found an opulent altar of Gozag.
  2697 | D:3      | Found an iron altar of Okawaru.
  2849 | D:3      | Found a stormy altar of Qazlal.
  2849 | D:3      | Found a white marble altar of Elyvilon.
  3289 | D:4      | Noticed Ijyb
  3634 | D:4      | Found a staircase to the Ecumenical Temple.
  3643 | Temple   | Entered the Ecumenical Temple
  4061 | D:4      | Noticed an ogre
  4062 | D:4      | Noticed a black bear
  4065 | D:4      | Killed an ogre
  4066 | D:4      | Reached skill level 5 in Dodging
  4066 | D:4      | Reached XP level 5. HP: 25/25 MP: 6/8
  4156 | D:4      | Splashed by a jelly's acid

Illustrated notes

Levels and vault maps discovered:
D:1:      dpeg_arrival_rooms_with_view, layout_loops_ring, item_on_display_a
D:2:      minmay_razor_zed, layout_basic, basic_altar, st_stairs_14
D:3:      layout_loops_ring, nicolae_gozag_seed_capital,
          overflow_temple_1_default, amethyst_overflow_temple_binary,
          ebering_ecumenical_altar_webs
D:4:      layout_rooms, minmay_temple_entry_antechambers, uniq_ijyb
Temple:   minmay_temple_bridge_d

Skill      XL: |  1  2  3  4 |
---------------+-------------+-----
Stealth        | 3 4 |  4.3
Spellcasting   | 1 |  1.4
Transmutations | 1 |  1.7
Dodging        | 5 |  5.1
Fighting       | |  3.9
Unarmed Combat | |  3.9

Action                   |  1- 3 |  4- 6 || total
-------------------------+-------+-------++-------
Melee: Unarmed           |   133 |    53 ||   186
       Bite              |    11 |     5 ||    16
       Punch             |     5 |     1 ||     6
  Use: Scroll            |     1 |       ||     1
       Potion            |     1 |       ||     1
 Stab: Sleeping          |     9 |     6 ||    15
       Distracted        |     2 |       ||     2
Armor: Skin              |     9 |     1 ||    10
Dodge: Dodged            |   108 |    39 ||   147
